 Dungeon Crawl Stone Soup version 0.31-a0-188-g5e087ee2ca (webtiles) character file.

Game seed: 14944658453001812836

102 qw the Shooter (level 4, 0/25 HPs)
             Began as a Deep Elf Hunter on June 23, 2023.
             Slain by an orc
             ... wielding a +0 war axe
              (8 damage)
             ... on level 4 of the Dungeon.
             The game lasted 00:00:40 (1801 turns).

qw the Shooter (Deep Elf Hunter)                    Turns: 1801, Time: 00:00:40

Health: 0/25       AC: 10    Str: 10    XL:     4   Next: 50%
Magic:  6/6        EV:  9    Int: 14    God:
Gold:   146        SH:  0    Dex: 18    Spells: 3/3 levels left

rFire   . . .        Y - +0 shortbow
rCold   . . .        (shield currently unavailable)
rNeg    . . .        d - +0 scale mail
rPois   .            (no helmet)
rElec   .            (no cloak)
rCorr   .            (no gloves)
SInv    .            (no boots)
Will    .....        (no amulet)
Stlth   +            g - +4 ring of protection
HPRegen 0.24/turn    (no ring)
MPRegen 0.10/turn

%: no passive effects
@: no status effects
A: no striking features
a: no special abilities


You were on level 4 of the Dungeon.
You visited 1 branch of the dungeon, and saw 4 of its levels.

You collected 146 gold pieces.


   Skills:
 - Level 1.5 Fighting
 + Level 7.9 Ranged Weapons
 - Level 2.4 Dodging
 - Level 1.2 Stealth


You had 3 spell levels left.
You didn't know any spells.
Your spell library was empty.

Inventory:

Hand Weapons
 Y - a +0 shortbow (weapon)
Armour
 d - a +0 scale mail (worn)
Jewellery
 g - a +4 ring of protection (left hand)
Potions
 a - a potion of haste
 b - a potion of cancellation {unknown}
 c - a potion of heal wounds {unknown}
 e - a potion of ambrosia {unknown}
 f - a potion of resistance
 i - a potion of degeneration {unknown}

Dungeon Overview and Level Annotations

Branches:
Dungeon (4/15)
 Temple: D:4-7

Altars:


Message History

You shoot an arrow. The arrow hits the endoplasm!
You kill the endoplasm!
A jackal comes into view.
The jackal barks!
You see here an iguana corpse.
You shoot an arrow. The arrow hits the jackal.
You kill the jackal!
A jackal comes into view.
The jackal moves out of view.
A jackal is nearby!
You shoot an arrow. The jackal barks!
The arrow hits the jackal but does no damage.
You hear a bark!
You hear a shout!
You shoot an arrow. The arrow barely misses the jackal.
You shoot an arrow. The arrow barely misses the jackal.
The jackal bites you.
You shoot an arrow. The arrow hits the jackal.
You kill the jackal!
An orc comes into view. It is wielding a +0 war axe.
Found a club.
The orc shouts!
You hear a bark!
A jackal comes into view.
You hear an angry hiss.
You see here a jackal corpse.
You shoot an arrow. The arrow barely misses the orc.
You shoot an arrow. The arrow barely misses the orc.
The arrow hits the jackal.
You kill the jackal!
A quokka comes into view.
You shoot an arrow. The arrow barely misses the orc.
The orc hits you with a +0 war axe.
You shoot an arrow.
The arrow hits the orc but does no damage.
The orc hits you with a +0 war axe!
You shoot an arrow. The arrow barely misses the orc.
The orc hits you with a +0 war axe.
You shoot an arrow. The arrow hits the orc.
The orc is heavily wounded.
The orc hits you with a +0 war axe!
You die...

#.# ##.#
#.<# #.##
##.#
.)####
#..#
....###
#.## #.o.#
#.# #@###
#.# #.r.##
#.#
###.%##
#.#
##..###.#
##...#.###
###.....#
#####.#
#.# #.#


You could see an orc and a quokka.

Vanquished Creatures
  An iguana (D:4)
  2 adders
  2 dart slugs
  An orc (D:3)
  6 ball pythons
  5 endoplasms
  4 giant cockroaches
  4 hobgoblins
  4 jackals
  8 kobolds
  2 quokkas
  3 bats
  4 frilled lizards
  4 rats (D:1)
50 creatures vanquished.

Notes
Turn   | Place    | Note
-------+----------+-------------------------------------------
     0 | D:1      | qw the Deep Elf Hunter began the quest for the Orb.
     0 | D:1      | Reached XP level 1. HP: 12/12 MP: 3/3
     0 | D:1      | 0 ||| qw: Version: 0.3-a-9-g12657ce
     0 | D:1      | 0 ||| qw: Game counter: 3262
     0 | D:1      | 0 ||| qw: Always use a shield: true
     0 | D:1      | 0 ||| qw: God list: Okawaru
     0 | D:1      | 0 ||| qw: Allow faded altars: false
     0 | D:1      | 0 ||| qw: Do Orc after D:15 true
     0 | D:1      | 0 ||| qw: Do second Lair branch before Depths: true
     0 | D:1      | 0 ||| qw: Lair rune preference: random
     0 | D:1      | 0 ||| qw: Plans: Normal
     0 | D:1      | 0 ||| PLANNING D:1-11
    73 | D:1      | Reached skill level 6 in Ranged Weapons
    73 | D:1      | Reached XP level 2. HP: 16/16 MP: 4/4
   424 | D:1      | 424 ||| UPGRADING to +4 ring of protection.
   425 | D:1      | 425 ||| READING 2 scrolls labelled CYNLEO LEGEL.
   426 | D:1      | 426 ||| READING scroll labelled JIERHALA XECU.
   427 | D:1      | 427 ||| DROPPING scroll of noise.
   428 | D:1      | 428 ||| DROPPING scroll of butterflies.
   453 | D:2      | Reached XP level 3. HP: 19/20 MP: 5/5
   691 | D:2      | Reached skill level 7 in Ranged Weapons
   776 | D:2      | Found a faded altar of an unknown god.
   799 | D:2      | 799 ||| DRINKING 2 silvery potions.
  1056 | D:2      | 1056 ||| UPGRADING to +0 scale mail.
  1066 | D:2      | 1066 ||| DROPPING +0 leather armour.
  1067 | D:2      | 1067 ||| READING scroll labelled GYLLIA CEIVVU.
  1068 | D:2      | 1068 ||| DRINKING 2 blue potions.
  1069 | D:2      | 1069 ||| DRINKING 2 sapphire potions.
  1070 | D:2      | 1070 ||| DROPPING potion of brilliance.
  1592 | D:3      | Reached XP level 4. HP: 25/25 MP: 6/6
  1740 | D:3      | 1740 ||| READING scroll labelled ENGEHA VEOPRO.
  1741 | D:3      | 1741 ||| READING scroll labelled MUMARI ATSU.
  1801 | D:4      | Slain by an orc

Levels and vault maps discovered:
D:1:      lightli_arrival_boilingwater, layout_rooms, minmay_gold_behind_fungi
D:2:      layout_loops_ring, ebering_ecumenical_altar_abandoned,
          minmay_misc_feat_five, serial_bayou_pond_b, dk_vineyard_1
D:3:      layout_loops_ring
D:4:      layout_rooms, kennysheep_little_box, dk_noncrumbling_2,
          uniq_blork_the_orc

Skill      XL: |  1  2  3 |
---------------+----------+-----
Ranged Weapons | 6 7 |  7.9
Fighting       | |  1.5
Dodging        | |  2.4
Stealth        | |  1.2

Action                     |  1- 3 |  4- 6 || total
---------------------------+-------+-------++-------
   Fire: Shortbow          |   104 |    16 ||   120
    Use: Scroll            |     3 |     2 ||     5
         Potion            |     3 |       ||     3
 Armour: Leather armour    |     6 |       ||     6
         Scale mail        |     6 |       ||     6
  Dodge: Dodged            |    22 |       ||    22

Table legend:
 A = Non-vault XP
 B = Vault XP
 C = Vault XP percentage of total XP
 D = Non-vault monster count
 E = Vault monster count
 F = Vault count percentage of total count
                 A         B        C        D         E       F
            +---------+---------+-------+---------+---------+-------
      Total |     141 |       6 |   4.1 |      46 |       4 |   8.0
            +---------+---------+-------+---------+---------+-------
        D:1 |      36 |       0 |   0.0 |      23 |       0 |   0.0
        D:2 |      32 |       6 |  15.8 |      11 |       4 |  26.7
        D:3 |      28 |       0 |   0.0 |       7 |       0 |   0.0
        D:4 |      45 |       0 |   0.0 |       5 |       0 |   0.0
            +---------+---------+-------+---------+---------+-------
